Map: Echo LE

Players

wenlong0103

  • Race: Terran Terran
  • Spawn Location: 5:00

DrennoC - Winner!

  • Race: Zerg Zerg
  • Spawn Location: 11:00

VOD

Have the link to the VOD?

Description

Time

  • Played on: April 3, 2015, 2:02 p.m.
  • Length: 10:33
Show
View Real Time Build Order
Export as new Build Order

wenlong0103 Terran 

Build Orders:  

Get SALT Encoding   

  12  0:05  SCV  
  13  0:15  Supply Depot  
  13  0:17  SCV  
  14  0:29  SCV  
  15  0:41  SCV  
  16  0:48  Barracks  
  16  0:52  Refinery  
  16  0:53  SCV  
  17  1:05  SCV  
  17  1:07  Supply Depot  
  18  1:17  SCV  
  19  1:29  SCV  
  19  1:32  Barracks  
  20  1:38  Marine  
  21  1:42  SCV  
  22  1:56  Marine  
  22  1:59  Refinery  
  23  2:08  SCV  
  24  2:14  Marine  
  24  2:15  Engineering Bay  
  25  2:36  Barracks Tech Lab  
  25  2:38  SCV  
  25  2:43  Bunker  
  26  2:45  Barracks Reactor  
  26  2:55  Orbital Command  
  26  3:13  Marine  
  27  3:20  SCV  
  28  3:31  Marine  
  28  3:32  SCV  
  29  3:36  Command Center  
  28  3:45  Bunker  
  28  3:48  Marine x2  
  30  3:49  Marine  
  31  4:06  Supply Depot  
  31  4:22  Factory  
  31  4:27  Marine x3  
  31  4:28  SCV  
  35  4:40  Bunker  
  35  4:45  Marine x2  
  35  4:50  SCV  
  38  4:53  Terran Infantry Weapons Level 1  
  38  5:03  Marine  
  38  5:06  SCV  
  40  5:08  SCV  
  40  5:09  Factory  
  41  5:19  SCV  
  41  5:21  SCV, Marauder, Supply Depot  
  45  5:30  Refinery  
  45  5:31  SCV  
  45  5:33  SCV  
  47  5:43  SCV, Marauder  
  47  5:44  Supply Depot  
  47  5:45  SCV  
  51  5:50  Marine x2  
  53  5:57  SCV  
  54  6:04  Factory Tech Lab, Marauder  
  54  6:06  Factory Reactor  
  54  6:08  Supply Depot, SCV, Marine x2  
  54  6:09  SCV  
  60  6:14  Stimpack  
  60  6:21  SCV x2  
  62  6:26  Marine x2, Marauder  
  66  6:33  SCV x2  
  64  6:44  Marine x2  
  61  7:00  Marauder  
  63  7:01  Marine x2  
  63  7:02  Bunker  
  63  7:05  Siege Tank  
  68  7:22  Marauder  
  59  7:37  Siege Tank, Bunker  
  59  7:43  Marauder  
  64  7:47  Orbital Command  
  64  8:07  Bunker  
  64  8:20  Armory  
  64  8:27  Starport  
  64  8:49  Marine x3  
  67  9:01  Command Center  
  67  9:06  Marine  
  67  9:07  Marine x2  
  70  9:24  Marine x2  
  70  9:25  Marine  
  44  9:58  Marine x2  
  38  10:02  Hellbat  
Show
View Real Time Build Order
Export as new Build Order

DrennoC Zerg - Winner!

Build Orders: Pool First 

Get SALT Encoding   

  12  0:01  Drone  
  13  0:13  Overlord  
  13  0:23  Drone  
  14  0:32  Drone  
  15  0:39  Spawning Pool  
  14  0:43  Drone  
  14  0:49  Drone  
  16  1:10  Hatchery  
  15  1:13  Drone  
  16  1:20  Drone  
  17  1:28  Queen  
  17  1:32  Drone, Extractor  
  19  1:36  Drone  
  20  1:42  Drone  
  20  1:46  Overlord  
  21  2:01  Drone  
  22  2:09  Drone  
  23  2:18  Drone  
  23  2:22  Queen  
  24  2:29  Drone  
  27  2:33  Overlord  
  27  2:41  Zergling x10  
  32  2:50  Queen  
  34  3:07  Metabolic Boost  
  34  3:09  Drone x3  
  34  3:10  Drone x2  
  39  3:19  Drone  
  41  3:20  Drone  
  41  3:24  Queen  
  43  3:27  Drone  
  43  3:33  Overlord  
  44  3:37  Overlord  
  44  3:38  Overlord x2  
  44  3:44  Drone, Extractor  
  44  3:52  Drone  
  45  4:06  Drone x2  
  47  4:10  Drone x4  
  51  4:20  Drone x3  
  51  4:21  Roach Warren  
  52  4:24  Drone  
  52  4:25  Hatchery, Drone x2  
  54  4:43  Drone x2  
  56  4:46  Drone x2  
  56  4:47  Drone  
  59  4:53  Extractor  
  59  4:55  Evolution Chamber  
  59  4:57  Evolution Chamber  
  56  5:06  Drone x3  
  59  5:18  Zergling x2  
  59  5:19  Zergling x8  
  59  5:20  Zergling x8  
  59  5:21  Zergling x2  
  69  5:34  Zerg Missile Weapons Level 1  
  69  5:35  Zerg Ground Armor Level 1  
  69  5:44  Queen  
  69  5:47  Zergling x4  
  69  5:48  Zergling x8  
  77  5:51  Lair  
  77  6:05  Drone x3, Baneling Nest  
  79  6:29  Drone x3  
  79  6:31  Overlord x5  
  82  6:38  Drone  
  82  6:41  Drone  
  82  6:49  Baneling x6  
  82  6:50  Baneling x3  
  82  6:51  Drone x3  
  85  7:11  Roach  
  85  7:12  Roach x12  
  94  7:32  Extractor  
  94  7:33  Extractor  
  92  7:45  Zergling x6  
  92  7:49  Hatchery  
  93  8:08  Drone  
  93  8:09  Drone x2  
  93  8:10  Zerg Missile Weapons Level 2  
  93  8:11  Hatchery  
  95  8:14  Roach x4  
  95  8:15  Zergling x2  
  95  8:16  Zergling x10  
  109  8:20  Ravager  
  109  8:21  Ravager  
  111  8:46  Ravager  
  111  8:47  Ravager x2  
  114  8:49  Zergling x12  
  114  8:50  Zergling x4  
  114  8:53  Overlord x3  
  122  9:02  Hatchery, Queen  
  123  9:03  Burrow  
  123  9:08  Baneling  
  123  9:09  Baneling x4  
  123  9:10  Drone  
  123  9:11  Drone x2, Zergling x6  
  123  9:12  Zergling x2  
  123  9:14  Overlord x4  
  130  9:35  Zergling x2  
  130  9:36  Zergling x36  
  130  9:37  Zergling x10  
  132  9:53  Zergling x6  
  132  9:54  Zergling x4  
  137  10:10  Zergling x12  
  137  10:11  Zergling x2  
  137  10:13  Baneling  
  137  10:14  Baneling x8  
  143  10:15  Baneling x8  
  143  10:16  Zergling x2  
Tags
 
Matchup
TvZ
Opening
Pool First
Player
DrennoC
Spawn Locations
Cross Positions
Add a new tag
Caveats
  • Supply blocks, unpowered buildings, or Contaminate may cause inaccurate times.
  • Supply counts are checked every 10 seconds.